 Dungeon Crawl Stone Soup version 0.30.1-4-g462c640d31 (webtiles) character file.

Game seed: 12037554000783966167

5636 Babbit the Cleaver (level 10, -2/88 HPs)
             Began as a Minotaur Fighter on Sept 11, 2023.
             Was a Believer of Okawaru.
             Slain by an ice beast (4 damage)
             ... on level 8 of the Dungeon.
             The game lasted 00:33:35 (7432 turns).

Babbit the Cleaver (Minotaur Fighter)               Turns: 7432, Time: 00:33:35

Health: -2/88      AC: 14    Str: 27    XL:     10   Next: 46%
Magic:  9/9        EV: 10    Int:  5    God:    Okawaru [**....]
Gold:   572        SH: 11    Dex: 11    Spells: 9/9 levels left

rFire   . . .        a - +0 war axe
rCold   x . .        c - +0 buckler
rNeg    + . .        F - +0 chain mail of the Realm of Zot {rPois rF- Str+3 Stlth+}
rPois   +            (helmet restricted)
rElec   .            (no cloak)
rCorr   .            (no gloves)
SInv    .            G - +2 pair of boots {Fly}
Will    .....        n - amulet of reflection Stlth
                     o - ring of fire
HPRegen 0.34/turn    y - ring of positive energy
MPRegen 0.11/turn

%: reflection
@: flying, hasted, very quick
A: horns 2, retaliatory headbutt
a: Renounce Religion, Heroism


You were on level 8 of the Dungeon.
You worshipped Okawaru.
Okawaru was pleased with you.
You visited 2 branches of the dungeon, and saw 9 of its levels.
You also visited: Sewer.

You collected 572 gold pieces.

Inventory:

Hand Weapons
 a - a +0 war axe (weapon)
Missiles
 r - 31 poisoned darts
 t - 8 javelins (quivered)
Armour
 c - a +0 buckler (worn)
 d - a +2 scale mail of poison resistance
 q - a +1 chain mail of cold resistance
 F - the +0 chain mail of the Realm of Zot (worn) {rPois rF- Str+3 Stlth+}
   (You took it off an orc warrior on level 6 of the Dungeon)

   Str:       It affects your strength (+3).
   rF:        It makes you vulnerable to fire.
   rPois:     It protects you from poison.
   Stlth:     It makes you more stealthy.
 G - a +2 pair of boots of flying (worn)
Jewellery
 n - an amulet of reflection (around neck)
 o - a ring of fire (left hand)
 y - a ring of positive energy (right hand)
Wands
 j - a wand of mindburst (17)
 u - a wand of charming (5)
 w - a wand of iceblast (8)
Scrolls
 e - 2 scrolls of fog {unknown}
 f - 2 scrolls of fear
 h - 2 scrolls of teleportation
 i - 2 scrolls of silence
 m - 2 scrolls of enchant weapon {unknown}
 s - a scroll of poison {unknown}
 v - a scroll of magic mapping {unknown}
 x - 2 scrolls of torment {unknown}
 z - a scroll of butterflies {unknown}
 A - a scroll of noise {unknown}
 D - a scroll of brand weapon {unknown}
 I - a scroll of identify
Potions
 b - 2 potions of curing
 g - 2 potions of lignification
 k - 4 potions of invisibility
 l - a potion of haste
 p - a potion of resistance
 B - a potion of flight
 C - a potion of brilliance {unknown}
 E - a potion of berserk rage {unknown}
 H - a potion of heal wounds


   Skills:
 + Level 8.2 Fighting
 + Level 12.1 Axes
 + Level 1.3 Throwing
 + Level 9.7 Armour
 + Level 3.3 Dodging
 + Level 1.4 Stealth
 + Level 8.2 Shields


You had 9 spell levels left.
You didn't know any spells.
Your spell library contained the following spells:

 Spells                   Type           Power      Damage    Failure   Level
 Beastly Appendage        Tmut           0%         N/A       92%         1
 Shock                    Conj/Air       0%         1d3       92%         1
 Blink                    Tloc           0%         N/A       98%         2
 Gell's Gravitas          Tloc           0%         N/A       100%        3
 Hailstorm                Conj/Ice       0%         3d3       100%        3
 Teleport Other           Tloc           0%         N/A       100%        3
 Anguish                  Hex/Necr       0%         N/A       100%        4
 Cause Fear               Hex            0%         N/A       100%        4
 Ice Form                 Ice/Tmut       0%         N/A       100%        4
 Manifold Assault         Tloc           0%         N/A       100%        4
 Dispersal                Tloc           0%         N/A       100%        6
 Enfeeble                 Hex            0%         N/A       100%        7
 Storm Form               Tmut/Air       0%         N/A       100%        7
 Summon Small Mammal      Summ           Unusable   N/A       N/A         1
 Simulacrum               Ice/Necr       Unusable   N/A       N/A         6

Dungeon Overview and Level Annotations

Branches:
Dungeon (8/15)             Temple (1/1) D:7           Sewer (visited)
   Lair: D:8-11

Altars:
Dithmenos
Elyvilon
Fedhas
Kikubaaqudgha
Okawaru
Uskayaw
Vehumet
Wu Jian
Xom
Yredelemnul
Zin
The Shining One

Annotations:
D:4 3 runed translucent doors, gummiwulf's ghost, amateur HOBe; riellis1's ghost, novice MiHu


Innate Abilities, Weirdness & Mutations

You have a pair of horns on your head.
You reflexively headbutt those who attack you in melee.


Message History

You kill the manticore!
Okawaru is honoured by your kill.
You completely miss the wight. The wight hits you with a +0 scimitar.
* * * LOW HITPOINT WARNING * * *
Your Axes skill increases to level 12!
You closely miss the wight. You headbutt the wight.
The wight is lightly damaged.
You closely miss the wight. Your headbutt misses the wight.
The wight is lightly damaged.
The wight hits you but does no damage.
You hit the wight.
The wight is moderately damaged.
You block the wight's attack.
You barely miss the wight. You headbutt the wight.
The wight is heavily damaged.
You slice the wight!!
You destroy the wight!
Okawaru accepts your kill.
Things that are here:
a +0 scimitar; a +0 robe
Things that are here:
a +0 scimitar; a +0 robe The ice beast hits you.
* * * LOW HITPOINT WARNING * * *
The ice beast freezes you!
You feel a terrible chill!
* * * LOW HITPOINT WARNING * * *
You hit the ice beast.
The ice beast is lightly wounded.
You hit the ice beast but do no damage.
The ice beast is lightly wounded.
You block the ice beast's attack.
You closely miss the ice beast.
The ice beast is lightly wounded.
You block the ice beast's attack.
You barely miss the ice beast.
The ice beast is lightly wounded.
You closely miss the ice beast.
The ice beast is lightly wounded.
The ice beast hits you.
You die...

#... .# ..# #..# .#...#
#.## ######'#...# ## #
........8.#.. #.
..8......#.. #..
........'.
#...#####..})...### #...
#.....)@Y.......... #...
#.......#......8... #...
#.......#.8........ #...
#####...#...#########...
#...#...'...........
#...#...#...........
#...#...#...........
#...#####...######)#
.......#.....).


You could see an ice beast.

Vanquished Creatures
  A manticore (D:8)
  The ghost of Rem the Martial Artist, a novice OpTm of Wu Jian (D:6)
  A troll (D:8)
  Grinder (D:5)
  A wraith (D:7)
  Sigmund (D:5)
  A yak (D:8)
  2 steam dragons (D:7)
  An acid dragon (D:8)
  A water moccasin (Sewer)
  3 black bears
  2 orc warriors (D:6)
  A sky beast (D:6)
  An ice beast (D:6)
  3 ogres
  2 centaurs
  A phantom (D:5)
  A kobold brigand (D:7)
  4 necrophages (D:6)
  4 bullfrogs
  4 scorpions
  A water moccasin zombie (D:6)
  11 wights
  2 killer bees (D:8)
  A howler monkey (D:5)
  2 bullfrog zombies (D:6)
  3 jellies
  5 hounds
  5 orc priests
  Terence (D:2)
  3 iguanas
  8 orc wizards
  2 sleepcaps
  Robin (D:2)
  3 gnolls (D:2)
  2 adders
  5 worms
  A dart slug (D:3)
  31 orcs
  8 ball pythons
  3 endoplasms
  6 giant cockroaches
  16 goblins
  13 hobgoblins
  8 jackals
  10 kobolds
  6 quokkas
  5 bats
  12 rats
211 creatures vanquished.

Notes
Turn   | Place    | Note
-------+----------+-------------------------------------------
     0 | D:1      | Babbit the Minotaur Fighter began the quest for the Orb.
     0 | D:1      | Reached XP level 1. HP: 19/19 MP: 0/0
    96 | D:1      | Reached XP level 2. HP: 24/27 MP: 1/1
   584 | D:1      | Got Starting Hermeneutics
   630 | D:2      | Reached XP level 3. HP: 31/31 MP: 2/2
  1076 | D:2      | Reached skill level 3 in Axes
  1207 | D:2      | Noticed Terence
  1212 | D:2      | Killed Terence
  1213 | D:2      | Reached XP level 4. HP: 29/41 MP: 3/3
  1273 | D:2      | Noticed Robin
  1294 | D:2      | Killed Robin
  1891 | D:3      | Noticed an ogre
  1900 | D:3      | Killed an ogre
  1901 | D:3      | Reached skill level 4 in Axes
  1901 | D:3      | Reached skill level 1 in Dodging
  1901 | D:3      | Reached XP level 5. HP: 47/47 MP: 4/4
  2045 | D:3      | Found a glowing drain.
  2056 | Sewer    | Entered a sewer
  2099 | Sewer    | Noticed a water moccasin
  2109 | Sewer    | Killed a water moccasin
  2110 | Sewer    | Reached skill level 5 in Axes
  2110 | Sewer    | Reached skill level 5 in Armour
  2110 | Sewer    | Reached XP level 6. HP: 37/55 MP: 5/5
  2579 | D:3      | Found a radiant altar of Vehumet.
  2717 | D:3      | Found a shadowy altar of Dithmenos.
  3030 | D:4      | Found an ancient bone altar of Kikubaaqudgha.
  3077 | D:4      | Reached skill level 6 in Axes
  3206 | D:4      | Reached XP level 7. HP: 60/60 MP: 6/6
  3270 | D:4      | Reached skill level 5 in Fighting
  3543 | D:4      | Found a runed translucent gate.
  3543 | D:4      | Found a runed translucent gate.
  3543 | D:4      | Found a runed translucent gate.
  3546 | D:4      | Noticed gummiwulf's ghost (amateur HOBe)
  3546 | D:4      | Noticed riellis1's ghost (novice MiHu)
  3558 | D:4      | Reached skill level 5 in Shields
  3819 | D:5      | Entered Level 5 of the Dungeon
  3833 | D:5      | Reached skill level 1 in Throwing
  3922 | D:5      | Reached skill level 7 in Axes
  4086 | D:5      | Noticed Grinder
  4094 | D:5      | Paralysed by Grinder for 3 turns
  4100 | D:5      | Killed Grinder
  4101 | D:5      | Reached skill level 1 in Stealth
  4101 | D:5      | Reached XP level 8. HP: 33/70 MP: 7/7
  4337 | D:5      | Found a white marble altar of Elyvilon.
  4367 | D:5      | Reached skill level 8 in Axes
  4391 | D:5      | Noticed Sigmund
  4397 | D:5      | Killed Sigmund
  4909 | D:6      | Reached skill level 9 in Axes
  5040 | D:6      | Reached XP level 9. HP: 76/78 MP: 8/8
  5113 | D:6      | Found a blossoming altar of Fedhas.
  5315 | D:6      | Reached skill level 10 in Axes
  5607 | D:6      | Found a runed translucent gate.
  5607 | D:6      | Identified the +0 chain mail of the Realm of Zot {rPois rF-
                  | Str+3 Stlth+}
  5607 | D:6      | Noticed Rem's ghost (novice OpTm)
  5608 | D:6      | Found a runed translucent gate.
  5609 | D:6      | Found a runed translucent gate.
  6269 | D:7      | Found a staircase to the Ecumenical Temple.
  6273 | D:7      | Reached skill level 11 in Axes
  6501 | Temple   | Entered the Ecumenical Temple
  6510 | Temple   | Became a worshipper of Warmaster Okawaru
  6558 | D:7      | Found a shimmering altar of Xom.
  6923 | D:6      | Killed Rem's ghost
  6923 | D:6      | Reached * piety under Okawaru
  6924 | D:6      | Reached XP level 10. HP: 36/86 MP: 9/9
  7392 | D:8      | Noticed a manticore
  7418 | D:8      | Killed a manticore
  7418 | D:8      | Reached ** piety under Okawaru
  7419 | D:8      | Reached skill level 12 in Axes
  7427 | D:8      | HP: 1/88 [ice beast (10)]
  7432 | D:8      | Slain by an ice beast

Illustrated notes

Levels and vault maps discovered:
D:1:      shiori_arrival_maze, layout_rooms
D:2:      layout_basic, chequers_serial_rivers_small_b, uniq_robin, uniq_terence
D:3:      layout_loops_ring, old_standard_altar, mainiacjoe_overflow_24_doors,
          lightli_sewer_entry_pipes, serial_rivers,
          chequers_serial_rivers_micro_b, chequers_serial_rivers_small_b,
          chequers_serial_rivers_small_3, chequers_serial_rivers_room_b,
          chequers_serial_rivers_room_b
D:4:      layout_loops_ring, kiku_gazebo_pond_becter, gammafunk_ghost_cemetery,
          skrybe_limestone_x, kennysheep_decorative_pillar
D:5:      layout_cave_pools, mainiacjoe_overflow_boulevard, hex_tiny,
          uniq_grinder, uniq_sigmund
D:6:      layout_basic, fedhas_altar_decomposition, biasface_ghost_orc_armoury,
          grunt_decor_mini_mirrors
D:7:      layout_basic, mainiacjoe_overflow_paths, minmay_temple_entry_glass
D:8:      kennysheep_blocky_room, layout_rooms, jmf_multi_god_temple2,
          enter_bailey_5, uniq_psyche
Temple:   nicolae_temple_bog_church

Skill      XL: |  1  2  3  4  5  6  7  8  9 10 |
---------------+-------------------------------+-----
Armour         | 4 5 6 7 9 |  9.7
Fighting       | 4 5 6 7 8 |  8.2
Axes           | 3 4 5 6 7 9 11 12 | 12.1
Shields        | 4 5 6 7 8 |  8.2
Dodging        | 1 2 3 |  3.3
Throwing       | 1 |  1.3
Stealth        | 1 |  1.4

Action                     |  1- 3 |  4- 6 |  7- 9 | 10-12 || total
---------------------------+-------+-------+-------+-------++-------
  Melee: War axe           |    66 |   117 |   290 |    78 ||   551
         Headbutt          |     9 |    17 |    55 |    11 ||    92
  Throw: Dart              |       |     7 |       |       ||     7
         Javelin           |       |     1 |     7 |       ||     8
    Use: Scroll            |     1 |     8 |     6 |     1 ||    16
         Potion            |       |       |     2 |     1 ||     3
 Armour: Scale mail        |    13 |       |       |       ||    13
         Chain mail        |       |    52 |   134 |    30 ||   216
  Dodge: Dodged            |    27 |    34 |    91 |    23 ||   175
  Block: Buckler           |    19 |    69 |   122 |    43 ||   253
         Reflection        |       |     1 |     1 |       ||     2
